 Dungeon Crawl Stone Soup version 0.23-a0-558-g30802b1 (webtiles) character file.

212 iamserjio the Sneak (level 5, -10/22 HPs)
             Began as a Felid Summoner on Dec 11, 2018.
             Was an Initiate of Ru.
             Shot with an arrow by a centaur (14 damage)
             ... on level 5 of the Dungeon.
             The game lasted 00:14:29 (4884 turns).

iamserjio the Sneak (Felid Summoner)                Turns: 4884, Time: 00:14:30

Health: -10/22     AC:  2    Str: 10    XL:     5   Next: 58%
Magic:  3/9        EV: 20    Int: 18    God:    Ru [......]
Gold:   212        SH:  0    Dex: 17    Spells: 1/9 levels left
                                        Lives:  0   Deaths: 1

rFire    . . .     SeeInvis +     - Unarmed
rCold    . . .     Gourm    .   (shield unavailable)
rNeg     + . .     Faith    .   (armour unavailable)
rPois    .         Spirit   .   (helmet unavailable)
rElec    .         Reflect  .   (cloak unavailable)
rCorr    .         Harm     .   (gloves unavailable)
MR       .....                  (boots unavailable)
Stlth    ++++......             (no amulet)
HPRegen  0.07/turn              c - ring of positive energy
MPRegen  0.11/turn              n - +6 ring of strength

@: quick
A: very small, no armour, no weapons or thrown items, stealth, claws 1, fangs 3,
see invisible, carnivore, speed 1, shaggy fur 2, slow metabolism 1, sharp paws
a: Renounce Religion


You were on level 5 of the Dungeon.
You worshipped Ru.
Ru was noncommittal.
You were not hungry.

You visited 2 branches of the dungeon, and saw 6 of its levels.

You collected 212 gold pieces.

Inventory:

Missiles
 h - 13 arrows
 j - 95 stones
Jewellery
 c - a ring of positive energy (left paw)
 n - a +6 ring of strength (right paw)
Wands
 q - a wand of flame (1)
Scrolls
 a - a scroll of enchant weapon {unknown}
 d - 3 scrolls of teleportation
 f - a scroll of fog {unknown}
 k - 3 scrolls of remove curse {unknown}
 l - 3 scrolls of enchant armour {unknown}
 s - a scroll of fear {unknown}
Potions
 g - a potion of agility
 i - 2 potions of curing {@q1}
 m - 2 potions of brilliance
 o - 2 potions of might
 p - a potion of resistance
 r - a potion of magic
 t - a potion of berserk rage
Comestibles
 b - 5 rations


   Skills:
 - Level 2.0 Fighting
 + Level 4.6 Dodging
 + Level 5.3 Stealth
 - Level 2.1 Unarmed Combat
 + Level 2.6 Spellcasting
 * Level 2.8 Hexes
 + Level 4.7 Summonings


You had one spell level left.
You knew the following spells:

 Your Spells              Type           Power        Failure   Level  Hunger
a - Summon Small Mammal   Summ           ###.         2%          1    #......
b - Call Imp              Summ           ###.....     3%          2    ##.....
c - Call Canine Familiar  Summ           ###.....     7%          3    ###....
d - Ensorcelled Hibernat  Hex/Ice        #.....       14%         2    ##.....

Your spell library contained the following spells:

 Spells                   Type           Power        Failure   Level  Hunger
 Corona                   Hex            ##.....      5%          1    #......
 Summon Guardian Golem    Hex/Summ       ###.....     11%         3    ###....
 Confuse                  Hex            ##......     16%         3    ###....
 Tukima's Dance           Hex            ##......     16%         3    ###....
 Dazzling Spray           Conj/Hex       #.....       28%         3    ###....
 Summon Ice Beast         Ice/Summ       ##......     54%         4    #####..
 Summon Lightning Spire   Summ/Air       ##......     54%         4    #####..


Dungeon Overview and Level Annotations

Branches:
Dungeon (5/15)             Temple (1/1) D:4

Altars:
Ashenzari
Cheibriados
Fedhas
Gozag
Kikubaaqudgha
Makhleb
Nemelex Xobeh
Okawaru
Ru
Sif Muna
Uskayaw
Xom
The Shining One


Innate Abilities, Weirdness & Mutations

You cannot wear armour.
You are incapable of wielding weapons or throwing items.
Your paws allow you to move quietly. (Stealth)
You have sharp claws.
You have razor-sharp teeth.
You have supernaturally acute eyesight. (SInv)
You are carnivorous and can eat meat at any time.
You cover ground quickly.
You are covered in thick fur. (AC +2)
You have a slow metabolism.
Your sharp claws are effective at attacking unaware monsters.


Message History

The arrow hits you.
* * * LOW HITPOINT WARNING * * *
Okay, then.
Okay, then.
Okay, then.
Okay, then.
Casting: Ensorcelled Hibernation (safe; 14% risk of failure)
Okay, then.
Casting: Ensorcelled Hibernation (safe; 14% risk of failure)
Aiming: Ensorcelled Hibernation (safe; 14% risk of failure)
Aim: a centaur, wielding a +0 shortbow (chance to defeat MR: 38%)
The centaur resists with some effort.
The centaur shoots an arrow.
The arrow closely misses you.
Casting: Ensorcelled Hibernation (safe; 14% risk of failure)
Aiming: Ensorcelled Hibernation (safe; 14% risk of failure)
Aim: a centaur, wielding a +0 shortbow (chance to defeat MR: 38%)
The centaur resists with some effort.
The centaur shoots an arrow.
The arrow hits you!
Ouch! That really hurt!
You die...

#. #.# #.# #.. .
#.# ##. #.# #..
#.##############.##
#.@...........)#..#
#(######.#####.#...
#c.....(..####.#...
########c..........
#..####.#.##
#.......#.#
#...#####.. #...#
#... #...# ####


You could see a centaur.

Vanquished Creatures
  A howler monkey (D:4)
  2 adders
  An ooze (D:2)
  A leopard gecko (D:5)
  2 orcs (D:3)
  A ball python (D:2)
  2 bats
  2 giant cockroaches (D:1)
  4 goblins
  5 hobgoblins
  5 frilled lizards
  2 kobolds
  A leopard gecko zombie (D:4)
  4 rats
33 creatures vanquished.

Vanquished Creatures (collateral kills)
  Eustachio (D:4)
  An ogre (D:4)
  Jessica (D:2)
  A worker ant (D:4)
  Natasha (thrice) (D:2)
  5 adders
  A worm (D:2)
  2 dart slugs (D:2)
  7 orcs
  A hobgoblin (D:1)
  A bat (D:3)
  2 goblins (D:2)
  2 kobolds (D:2)
  A rat (D:2)
29 creatures vanquished.

Grand Total: 62 creatures vanquished

Notes
Turn   | Place    | Note
-------+----------+-------------------------------------------
     0 | D:1      | iamserjio the Felid Summoner began the quest for the Orb.
     0 | D:1      | Reached XP level 1. HP: 7/7 MP: 4/4
  1043 | D:2      | Reached skill level 3 in Stealth
  1043 | D:2      | Reached XP level 2. HP: 12/12 MP: 3/6
  1122 | D:2      | Noticed Natasha
  1424 | D:2      | Reached XP level 3. HP: 8/15 MP: 2/7
  1670 | D:2      | Found a snail-covered altar of Cheibriados.
  1674 | D:2      | Found a sparkling altar of Nemelex Xobeh.
  1787 | D:2      | Reached skill level 1 in Fighting
  1787 | D:2      | Reached skill level 1 in Unarmed Combat
  1821 | D:2      | Killed Natasha
  1821 | D:2      | Reached skill level 4 in Stealth
  1830 | D:2      | Learned a level 2 spell: Call Imp
  1834 | D:2      | Learned a level 3 spell: Call Canine Familiar
  1917 | D:2      | Noticed Natasha
  1937 | D:2      | Killed Natasha
  1937 | D:2      | Reached XP level 4. HP: 10/19 MP: 2/8
  2061 | D:2      | Noticed Natasha
  2373 | D:2      | Found a faded altar of an unknown god.
  2411 | D:2      | You fall through a shaft for 2 floors!
  2454 | D:3      | Found an ancient bone altar of Kikubaaqudgha.
  2712 | D:3      | Found a sacrificial altar of Ru.
  2720 | D:3      | Became a worshipper of Ru the Awakened
  3145 | D:2      | Killed Natasha
  3221 | D:2      | Noticed Jessica
  3241 | D:2      | Killed Jessica
  3507 | D:4      | Reached XP level 5. HP: 12/22 MP: 2/9
  3940 | D:4      | Learned a level 2 spell: Ensorcelled Hibernation
  3961 | D:4      | Noticed an ogre
  3981 | D:4      | Killed an ogre
  3981 | D:4      | Reached skill level 5 in Stealth
  3981 | D:4      | Reached skill level 1 in Hexes
  4076 | D:4      | Gained mutation: You are covered in thick fur. (AC +2)
                  | [Felid growth]
  4076 | D:4      | Reached XP level 6. HP: 10/26 MP: 0/10
  4277 | D:4      | Noticed Eustachio
  4425 | D:4      | Killed Eustachio
  4534 | D:4      | Found a staircase to the Ecumenical Temple.
  4708 | Temple   | Entered the Ecumenical Temple
  4805 | D:5      | Entered Level 5 of the Dungeon
  4858 | D:5      | Slain by an ogre
  4859 | D:5      | Reached XP level 5. HP: 0/22 MP: 6/9
  4869 | D:5      | Noticed a centaur
  4884 | D:5      | Shot with an arrow by a centaur

Vault maps used:
D:1:      roderic_crop_circles_arrival_large
D:2:      grunt_temple_overflow_open, chequers_ecumenical_altar_simple_redux,
          uniq_jessica, uniq_natasha
D:3:      kiku_gazebo_pond_becter, nicolae_ru_awakened_eye
D:4:      minmay_temple_entry_water_ring, first_ration, uniq_eustachio
D:5:      kennysheep_mini_moat, marbit_many_paths,
          nicolae_qazlal_style_of_elements, uniq_duvessa
Temple:   compressed_dpeg_triangle_lava_temple

Skill      XL: |  1  2  3  4  5  6 |
---------------+-------------------+-----
Stealth        | 3 4 5 |  5.3
Dodging        | 3 4 |  4.6
Fighting       | 1 2 |  2.0
Unarmed Combat | 1 2 |  2.1
Hexes          | 1 2 |  2.8
Spellcasting   | |  2.6
Summonings     | |  4.7

Action                   |  1- 3 |  4- 6 || total
-------------------------+-------+-------++-------
Melee: Unarmed           |    31 |    77 ||   108
       Bite              |     3 |    10 ||    13
 Cast: Summon Small Mamm |    35 |       ||    35
       Call Canine Famil |     1 |    13 ||    14
       Call Imp          |     1 |    12 ||    13
       Ensorcelled Hiber |       |    13 ||    13
Evoke: Wand              |       |     4 ||     4
  Use: Potion            |       |     1 ||     1
       Scroll            |       |     7 ||     7
 Stab: Sleeping          |    10 |    15 ||    25
       Distracted        |     1 |     1 ||     2
  Eat: Chunk             |    10 |     9 ||    19
Armor: Skin              |       |     3 ||     3
Dodge: Dodged            |    20 |    57 ||    77

Table legend:
 A = Non-vault XP
 B = Vault XP
 C = Vault XP percentage of total XP
 D = Non-vault monster count
 E = Vault monster count
 F = Vault count percentage of total count
                 A         B        C        D         E       F
            +---------+---------+-------+---------+---------+-------
      Total |     355 |     231 |  39.4 |      59 |       3 |   4.8
            +---------+---------+-------+---------+---------+-------
        D:1 |      10 |       0 |   0.0 |       5 |       0 |   0.0
        D:2 |     106 |      37 |  25.9 |      25 |       2 |   7.4
        D:3 |      24 |       0 |   0.0 |      15 |       0 |   0.0
        D:4 |     212 |     194 |  47.8 |      13 |       1 |   7.1
        D:5 |       3 |       0 |   0.0 |       1 |       0 |   0.0
            +---------+---------+-------+---------+---------+-------
